AoeStats
← Enkidu

Pilgrims

509936418Analyzed
4v4 RM · 5d ago on Sep 28, 2026· 53m 37s· 8 players
Game mode
Random Map
Map size
Large (8 player)
Population
200
Speed
Normal
Resources
Standard
Victory
Conquest
Starting age
Dark Age
Ending age
Imperial Age
RankedLock teamsTeams togetherTeam positionsShared explorationLock speedFull tech treeHidden civsTurbo modeCheats
Victory
Defeat
🇨🇱 Saxons · Chile
1143
+14
🇨🇿 Georgians · Czechia
1139
+14
🇹🇷 Japanese · Türkiye
1124
+15
🇬🇧 Romans · United Kingdom
1098
+16
🇩🇪 Khmer · Germany
1156
-16
🇩🇪 Wei · Germany
1102
-15
🇩🇪 Vietnamese · Germany
1101
-15
🇩🇪 Byzantines · Germany
1063
-13
Enkidu
4:58 Loom
11:56 Feudal Age
12:53 Fishing Lines
13:17 Double-Bit Axe
15:49 Castle Age
14:17 Gold Mining
14:22 Fletching
16:53 Bow Saw
16:41 Bodkin Arrow
17:05 Gillnets
17:38 Medium Warships
18:16 Gold Shaft Mining
19:04 Stone Mining
20:25 Ballistics
24:42 Imperial Age
26:31 Two-Man Saw
25:35 Bracer
25:35 Padded Archer Armor
25:32 Horse Collar
26:55 Chemistry
26:06 Masonry
28:28 Wheelbarrow
29:57 Leather Archer Armor
29:43 Scale Mail Armor
29:54 Forging
29:56 Squires
29:41 Gambesons
29:17 Pikeman
30:35 Hand Cart
30:27 Siege Engineers
30:47 Conscription
31:31 Elite Cannon Galleon
32:30 Chain Mail Armor
32:51 Iron Casting
33:32 Ring Archer Armor
34:33 Guard Tower
34:29 Arrowslits
35:40 Plate Mail Armor
36:11 Blast Furnace
34:51 Man-at-Arms
37:17 Hoardings
36:41 Elite Samurai
39:28 Murder Holes
40:09 Keep
40:58 Yasama
41:18 Kataparuto
43:22 Careening
43:23 Clinker Construction
43:34 Shipwright
Farrix
11:24 Feudal Age
13:12 Double-Bit Axe
13:10 Horse Collar
14:03 Man-at-Arms
16:29 Wheelbarrow
16:41 Forging
16:32 Scale Mail Armor
28:15 Castle Age
29:19 Long Swordsman
30:00 Squires
30:17 Chain Mail Armor
30:40 Iron Casting
31:29 Chain Mail Armor
31:44 Pikeman
40:16 Bow Saw
47:40 Imperial Age
45:28 Hand Cart
46:20 Loom
47:55 Capped Ram
49:25 Siege Ram
50:09 Legionary
54:27 Blast Furnace
savage!
10:52 Feudal Age
10:27 Loom
14:49 Double-Bit Axe
14:45 Horse Collar
17:36 Castle Age
17:37 Scale Mail Armor
17:47 Forging
17:25 Arson
19:05 Squires
20:32 Wheelbarrow
24:19 Bow Saw
23:55 Horse Collar
27:37 Heavy Plow
27:29 Gold Mining
30:23 Stone Mining
34:39 Imperial Age
33:17 Chain Mail Armor
33:38 Iron Casting
32:55 Gambesons
33:50 Fletching
34:00 Padded Archer Armor
34:27 Ballistics
34:17 Careening
35:17 Hand Cart
36:43 Chemistry
37:02 Bodkin Arrow
38:10 Elite Longship
39:07 Bracer
43:47 Plate Mail Armor
42:40 Elite Varangian Guard
44:14 Siege Engineers
44:30 Dry Dock
45:24 Shield Wall
46:25 Conscription
47:54 Gold Shaft Mining
47:19 Capped Ram
48:23 Siege Ram
Kovboj
9:09 Loom
12:11 Feudal Age
17:26 Castle Age
16:02 Scale Barding Armor
16:06 Gold Mining
16:09 Double-Bit Axe
18:09 Horse Collar
20:03 Forging
20:01 Husbandry
22:47 Stone Mining
23:38 Bloodlines
28:32 Wheelbarrow
29:10 Chain Barding Armor
30:49 Iron Casting
32:12 Fletching
34:53 Bodkin Arrow
37:05 Heavy Plow
38:50 Town Watch
44:20 Imperial Age
43:47 Hand Cart
45:40 Plate Barding Armor
47:14 Blast Furnace
47:19 Conscription
47:15 Capped Ram
48:03 Bracer
48:13 Arson
49:41 Bow Saw
51:06 Crop Rotation
51:46 Elite Monaspa
52:28 Murder Holes
52:54 Ballistics
Larrybarry
11:28 Feudal Age
16:17 Castle Age
14:23 Loom
15:53 Double-Bit Axe
18:17 Fletching
20:55 Bow Saw
27:46 Bodkin Arrow
27:52 Padded Archer Armor
28:33 Wheelbarrow
30:03 Horse Collar
33:42 Heavy Plow
35:34 Ballistics
37:47 Imperial Age
35:07 Town Watch
38:06 Leather Archer Armor
39:34 Chemistry
38:40 Bracer
40:14 Ring Archer Armor
42:38 Elite Rattan Archer
43:38 Hand Cart
47:56 Siege Engineers
47:18 Crossbowman
48:22 Arbalester
49:07 Thumb Ring
Pumba
8:24 Loom
10:32 Feudal Age
11:40 Double-Bit Axe
11:41 Horse Collar
14:14 Wheelbarrow
14:33 Scale Barding Armor
24:55 Castle Age
25:41 Bloodlines
25:55 Husbandry
26:20 Chain Barding Armor
26:52 Forging
28:27 Iron Casting
28:46 Hand Cart
29:25 Fletching
35:50 Bodkin Arrow
37:43 Stone Mining
37:44 Gold Mining
38:19 Caravan
41:08 Imperial Age
44:07 Heavy Hei Guang Cavalry
45:48 Coinage
47:03 Blast Furnace
kingnick8238
4:12 Loom
14:02 Feudal Age
17:33 Castle Age
16:27 Gold Mining
17:43 Double-Bit Axe
19:05 Gold Shaft Mining
19:31 Wheelbarrow
18:41 Town Watch
18:48 Horse Collar
20:03 Bow Saw
23:03 Stone Mining
24:55 Pikeman
28:56 Hand Cart
28:42 Town Patrol
30:25 Heavy Plow
32:43 Ballistics
32:26 Scale Mail Armor
33:51 Forging
35:18 Chain Mail Armor
37:26 Iron Casting
41:24 Imperial Age
41:33 Heavy Scorpion
43:04 Siege Engineers
45:35 Chemistry
Stratelias
9:59 Loom
11:58 Feudal Age
10:14 Loom
19:28 Castle Age
18:00 Stone Mining
34:07 Wheelbarrow
34:41 Wheelbarrow
45:11 Hand Cart
47:52 Imperial Age
47:59 Elite Skirmisher
Connection lost

Rejoining the realm…

Still unreachable

The connection could not be restored.

Session expired

The server has moved on; the page needs a fresh start.